 Dungeon Crawl Stone Soup version 0.22.1-2-g9c5b331 (webtiles) character file.

1735 MalarOregon the Changer (level 9, 0/65 HPs)
             Began as a Merfolk Transmuter on Nov 24, 2018.
             Was a Follower of Nemelex Xobeh.
             Slain by an orc warrior
             ... wielding a +0 scimitar
              (13 damage)
             ... on level 6 of the Dungeon.
             The game lasted 00:13:56 (8320 turns).

MalarOregon the Changer (Merfolk Transmuter)        Turns: 8320, Time: 00:13:57

Health: 0/65       AC:  2    Str: 11    XL:     9   Next: 5%
Magic:  8/14       EV: 24    Int: 15    God:    Nemelex Xobeh [*.....]
Gold:   285        SH:  0    Dex: 19    Spells: 6/15 levels left

rFire    . . .     SeeInvis .     - Unarmed
rCold    . . .     Gourm    .   (shield currently unavailable)
rNeg     + . .     Faith    .   (armour currently unavailable)
rPois    x         Spirit   .   (helmet currently unavailable)
rElec    .         Reflect  .   (cloak currently unavailable)
rCorr    .         Harm     .   (gloves currently unavailable)
MR       .....                  (boots currently unavailable)
Stlth    ++........             n - amulet of the acrobat
HPRegen  0.20/turn              q - ring of positive energy
MPRegen  0.14/turn              (no ring)

@: about to teleport, spider-form, very slightly contaminated
A: tiny, (change form in water), (swift swim), (stealthy swim)
a: End Transformation, Renounce Religion


You were on level 6 of the Dungeon.
You worshipped Nemelex Xobeh.
Nemelex Xobeh was aware of your devotion.
You were not hungry.
You were a venomous arachnid creature.
You visited 2 branches of the dungeon, and saw 8 of its levels.

You collected 285 gold pieces.

Inventory:

Missiles
 a - 122 arrows
Armour
 b - a +0 robe (melded)
 r - a +0 helmet (melded)
   (You found it on level 5 of the Dungeon)
 t - a +2 pair of gloves (melded)
   (You found it on level 5 of the Dungeon)
 z - a +0 buckler
   (You found it on level 5 of the Dungeon)
Jewellery
 n - an amulet of the acrobat (around neck)
   (You found it on level 3 of the Dungeon)
 q - a ring of positive energy (left front leg)
   (You found it on level 4 of the Dungeon)
 F - a +3 ring of protection {unknown}
   (You found it on level 7 of the Dungeon)
Wands
 c - a wand of disintegration (10)
   (You found it on level 7 of the Dungeon)
 v - a wand of digging (8)
   (You took it off an orc on level 5 of the Dungeon)
 x - a wand of acid (4)
   (You took it off Ijyb on level 4 of the Dungeon)
Scrolls
 l - 4 scrolls of amnesia
 o - a scroll of magic mapping {unknown}
 p - 2 scrolls of enchant weapon {unknown}
 s - a scroll of brand weapon {unknown}
 u - a scroll of random uselessness {unknown}
 w - a scroll of blinking {unknown}
 y - 5 scrolls of identify {@r1}
 A - 2 scrolls of immolation {unknown}
 B - 2 scrolls of teleportation {@r4}
 G - 3 scrolls of remove curse {unknown}
Potions
 d - 2 potions of degeneration {unknown}
 f - a potion of mutation {unknown}
 g - 2 potions of flight {unknown}
 h - a potion of resistance {unknown}
 i - a potion of lignification {unknown}
 j - 4 potions of brilliance
 k - 2 potions of agility {unknown}
 m - 6 potions of curing {@q1}
 C - a potion of haste {unknown}
Miscellaneous
 D - a plain deck of summoning
   (Nemelex Xobeh gifted it to you on level 6 of the Dungeon)
Comestibles
 e - 11 rations {!d}


   Skills:
 + Level 4.0 Fighting
 + Level 5.4 Dodging
 + Level 2.0 Shields
 * Level 6.6 Unarmed Combat
 + Level 3.9 Spellcasting
 * Level 7.4 Transmutations
 + Level 3.2 Ice Magic
 + Level 3.4 Poison Magic
 + Level 1.4 Invocations


You had 6 spell levels left.
You knew the following spells:

 Your Spells              Type           Power        Failure   Level  Hunger
c - Ice Form              Ice/Tmut       ###.....     41%         4    ####...
s - Sticks to Snakes      Tmut           ####....     6%          2    ##.....
x - Spider Form           Tmut/Pois      ###.......   17%         3    ###....

Your spell library contained the following spells:

 Spells                   Type           Power        Failure   Level  Hunger
 Beastly Appendage        Tmut           ####..       4%          1    None
 Confusing Touch          Hex            #.....       38%         1    None
 Blade Hands              Tmut           ####......   45%         5    ######.
 Petrify                  Tmut/Erth      ##......     58%         4    ####...
 Confuse                  Hex            #.......     71%         3    ###....
 Gell's Gravitas          Tloc           #.........   71%         3    ###....
 Yara's Violent Unravell  Hex/Tmut       ##........   88%         5    ######.
 Metabolic Englaciation   Hex/Ice        #.........   99%         5    ######.


Dungeon Overview and Level Annotations

Branches:
Dungeon (7/15)             Temple (1/1) D:6

Altars:
Cheibriados
Dithmenos
Elyvilon
Fedhas
Gozag
Kikubaaqudgha
Makhleb
Nemelex Xobeh
Okawaru
Qazlal
Ru
Sif Muna
Trog
Uskayaw
Vehumet
Wu Jian
Xom
Yredelemnul
Zin
The Shining One


Message History

All of the chunks of flesh in your inventory have rotted away.
You turn into a creature of crystalline ice.
Your +0 helmet melds into your body.
Your +2 pair of gloves melds into your body.
Your +0 robe melds into your body.
You climb downwards.
There is a stone staircase leading up here.
You closely miss the orc. The orc barely misses you.
You punch the orc! You freeze the orc.
You kill the orc!
The orc warrior jeers repeatedly.
The orc warrior throws a tomahawk.
The tomahawk misses you. The orc warrior completely misses you.
There is a stone staircase leading up here.
The orc warrior completely misses you. The orc warrior barely misses you.
There is a stone staircase leading up here.
The orc warrior misses you. The orc warrior hits you with a glaive!
You climb upwards.
There is a stone staircase leading down here.
You miscast Spider Form.
You are very lightly contaminated with residual magic.
Your skin glows momentarily.
The orc warrior closely misses you.
Unknown command.
You barely miss the orc warrior. The orc warrior hits you with a glaive!
The orc warrior completely misses you. The orc warrior barely misses you.
The orc warrior misses you. x2
You hit the orc warrior. You freeze the orc warrior.
The orc warrior misses you.
The orc warrior hits you from afar with a glaive!
* * * LOW HITPOINT WARNING * * *
You warm up again.
Your +0 helmet unmelds from your body.
Your +2 pair of gloves unmelds from your body.
Your +0 robe unmelds from your body.
You turn into a venomous arachnid creature.
Your +0 helmet melds into your body.
Your +2 pair of gloves melds into your body.
Your +0 robe melds into your body.
The orc warrior closely misses you.
You barely miss the orc warrior. The orc warrior misses you.
You closely miss the orc warrior. The orc warrior completely misses you.
The orc warrior hits you from afar with a glaive!!
* * * LOW HITPOINT WARNING * * *
As you read the scroll of teleportation {@r4}, it crumbles to dust.
You feel strangely unstable. The orc warrior completely misses you.
Unknown command.
You hit the orc warrior but do no damage.
The orc warrior is poisoned.
The orc warrior misses you.
The orc warrior hits you with a scimitar!
You die...
Your body disappears without a glow.

#....####### #........
##8..8## ##.......
#_.....##########....##
###..###..........>..#
#.....#.............#
###..###............##
#.....⌠#............#
###.o###............#
#....os#............#
###..###............#
#....##...(........#
##_####.......)....###
######...............
#..................
#####..................
#...#############......
#..........# #...[..


You could see 2 orc warriors.

Vanquished Creatures
  A hippogriff (D:7)
  Edmund (D:4)
  A water moccasin (D:5)
  A centaur (D:7)
  Blork the orc (D:6)
  A water moccasin skeleton (D:6)
  A scorpion (D:4)
  3 wights (D:6)
  3 crimson imps
  A hound (D:6)
  An orc priest (D:3)
  2 orc wizards
  Terence (D:2)
  2 centaur skeletons
  2 iguanas
  Ijyb (D:4)
  7 worker ants
  A hound zombie (D:7)
  A hound skeleton (D:2)
  Robin (D:4)
  A worker ant zombie (D:5)
  A howler monkey zombie (D:6)
  4 gnolls (D:5)
  2 howler monkey skeletons
  10 adders
  4 shadow imps
  4 oozes
  2 adder skeletons (D:5)
  An adder zombie (D:6)
  3 worms
  5 leopard geckos
  21 orcs
  4 ball pythons
  7 giant cockroaches
  20 hobgoblins
  3 jackals (D:5)
  3 quokkas
  6 bats
  10 frilled lizards
  16 goblins
  16 kobolds
  A leopard gecko zombie (D:5)
  11 rats
188 creatures vanquished.

Notes
Turn   | Place    | Note
-------+----------+-------------------------------------------
     0 | D:1      | MalarOregon the Merfolk Transmuter began the quest for the
                  | Orb.
     0 | D:1      | Reached XP level 1. HP: 15/15 MP: 3/3
   319 | D:1      | Reached skill level 3 in Transmutations
   319 | D:1      | Reached XP level 2. HP: 4/21 MP: 3/5
   795 | D:1      | Learned a level 2 spell: Sticks to Snakes
  1125 | D:1      | Reached XP level 3. HP: 26/26 MP: 4/6
  1191 | D:1      | Learned a level 3 spell: Spider Form
  1659 | D:2      | Reached XP level 4. HP: 25/33 MP: 7/7
  1778 | D:2      | Noticed Terence
  1786 | D:2      | Killed Terence
  2065 | D:2      | Found an opulent altar of Gozag.
  2107 | D:2      | Reached skill level 1 in Poison Magic
  2295 | D:3      | Reached skill level 4 in Transmutations
  2318 | D:3      | Reached XP level 5. HP: 26/38 MP: 4/8
  2344 | D:3      | Found a sacrificial altar of Ru.
  2392 | D:3      | Found a faded altar of an unknown god.
  2520 | D:3      | Learned a level 4 spell: Ice Form
  3097 | D:4      | Found a white marble altar of Elyvilon.
  3097 | D:4      | Noticed Robin
  3314 | D:4      | Noticed Edmund
  3342 | D:3      | Reached XP level 6. HP: 15/44 MP: 6/10
  3561 | D:4      | Killed Edmund
  3561 | D:4      | Reached skill level 5 in Transmutations
  3561 | D:4      | Reached skill level 1 in Ice Magic
  3650 | D:4      | Killed Robin
  3672 | D:4      | Reached skill level 5 in Unarmed Combat
  3787 | D:4      | Reached XP level 7. HP: 45/51 MP: 7/11
  4051 | D:4      | Found a blossoming altar of Fedhas.
  4054 | D:4      | Found a burning altar of Makhleb.
  4065 | D:4      | Found a bloodstained altar of Trog.
  4079 | D:4      | Found a radiant altar of Vehumet.
  4292 | D:4      | Noticed Ijyb
  4308 | D:4      | Killed Ijyb
  4714 | D:5      | Entered Level 5 of the Dungeon
  5145 | D:5      | Found a hide-covered altar of Uskayaw.
  5377 | D:5      | Reached skill level 6 in Transmutations
  5468 | D:5      | Reached XP level 8. HP: 15/58 MP: 10/13
  5986 | D:6      | Reached skill level 1 in Shields
  6063 | D:6      | Noticed Blork the orc
  6069 | D:6      | Reached skill level 5 in Dodging
  6079 | D:6      | Killed Blork the orc
  6092 | D:6      | Found a staircase to the Ecumenical Temple.
  6215 | Temple   | Entered the Ecumenical Temple
  6258 | Temple   | Became a worshipper of Nemelex Xobeh the Trickster
  6762 | D:6      | Found a deep blue altar of Sif Muna.
  6768 | D:6      | Found an iron altar of Okawaru.
  6938 | D:6      | Received a gift from Nemelex Xobeh
  7429 | D:6      | Reached skill level 7 in Transmutations
  7577 | D:7      | Found a runed door.
  7581 | D:7      | Found a burning altar of Makhleb.
  7609 | D:7      | Reached * piety under Nemelex Xobeh
  7800 | D:7      | Found a stormy altar of Qazlal.
  8006 | D:7      | Noticed a hippogriff
  8022 | D:7      | Killed a hippogriff
  8022 | D:7      | Reached skill level 1 in Invocations
  8022 | D:7      | Reached XP level 9. HP: 31/65 MP: 7/14
  8320 | D:6      | Slain by an orc warrior

Skill      XL: |  1  2  3  4  5  6  7  8  9 |
---------------+----------------------------+-----
Transmutations | 3 4 5 6 7 |  7.4
Dodging        | 3 4 5 |  5.4
Unarmed Combat | 4 5 6 |  6.6
Poison Magic   | 1 2 3 |  3.4
Fighting       | 2 3 4 |  4.0
Ice Magic      | 1 2 3 |  3.2
Spellcasting   | 3 |  3.9
Shields        | 1 2 |  2.0
Invocations    | 1 |  1.4

Action                   |  1- 3 |  4- 6 |  7- 9 || total
-------------------------+-------+-------+-------++-------
Melee: Unarmed           |   106 |   170 |   383 ||   659
       Headbutt          |     4 |       |       ||     4
       Punch             |     1 |       |     5 ||     6
 Cast: Beastly Appendage |     9 |       |       ||     9
       Spider Form       |     5 |    21 |    21 ||    47
       Ice Form          |       |       |     4 ||     4
  Use: Scroll            |       |     6 |     1 ||     7
       Potion            |       |       |     2 ||     2
 Stab: Sleeping          |     2 |     2 |     7 ||    11
  Eat: Chunk             |     3 |    10 |    14 ||    27
       Ration            |       |       |     1 ||     1
Armor: Robe              |    22 |     4 |    20 ||    46
       Skin              |       |     2 |     9 ||    11
Dodge: Dodged            |    85 |   143 |   299 ||   527
